 Dungeon Crawl Stone Soup version 0.25-a0-96-g4073cf80fb (webtiles) character file.

Game seed: 4484705911758783836, levelgen mode: deterministic

83 MisterFreud the Slasher (level 4, -3/29 HPs)
             Began as an Octopode Gladiator on Nov 11, 2019.
             Killed by divine providence
             ... invoked by an orc priest
              (10 damage)
             ... on level 3 of the Dungeon.
             The game lasted 00:01:58 (1452 turns).

MisterFreud the Slasher (Octopode Gladiator)        Turns: 1452, Time: 00:01:59

Health: -3/29      AC:  1    Str: 13    XL:     4   Next: 44%
Magic:  4/4        EV: 14    Int: 11    God:
Gold:   145        SH:  0    Dex: 13    Spells: 3/3 levels left

rFire    . . .     SeeInvis .   a - +0 long sword
rCold    . . .     Gourm    .   (no shield)
rNeg     . . .     Faith    .   b - +0 hat
rPois    .         Spirit   .   (no amulet)
rElec    .         Reflect  .   (no ring)
rCorr    .         Harm     .   (no ring)
MR       .....                  (no ring)
Stlth    ++........             (no ring)
HPRegen  0.09/turn              (no ring)
MPRegen  0.09/turn              (no ring)
                                (no ring)
                                (no ring)

@: no status effects
A: almost no armour, stealthy swim, amphibious, 8 rings, constrict 8, camouflage
1, gelatinous body 1
a: no special abilities


You were on level 3 of the Dungeon.
You were not hungry.

You visited 1 branch of the dungeon, and saw 3 of its levels.

You collected 145 gold pieces.

Inventory:

Hand Weapons
 a - a +0 long sword (weapon)
Missiles
 c - 3 throwing nets (quivered)
 g - 14 arrows
 h - 29 stones
 j - 6 atropa-tipped darts
Armour
 b - a +0 hat (worn)
Scrolls
 e - a scroll of teleportation
 i - a scroll of identify
Potions
 l - a potion of berserk rage
Comestibles
 d - 4 rations
 f - 2 chunks of flesh


   Skills:
 - Level 2.0 Fighting
 + Level 5.1 Long Blades
 - Level 2.0 Throwing
 - Level 3.0 Dodging


You had 3 spell levels left.
You didn't know any spells.
Your spell library was empty.

Dungeon Overview and Level Annotations

Branches:
Dungeon (3/15)

Altars:
Gozag
Wu Jian
Yredelemnul


Innate Abilities, Weirdness & Mutations

You cannot wear most types of armour.
You are very stealthy in the water. (Stealth+)
You are amphibious.
You can wear up to eight rings at the same time.
You can use your tentacles to constrict eight enemies at once.
Your skin changes colour to match your surroundings (Stealth+).
Your rubbery body absorbs attacks. (AC +1, EV +1)


Message History

The orc barely misses you.
You riposte.
You barely miss the orc. You grab the orc. You squeeze the orc.
You kill the orc!
The orc priest hits you with a +0 hand axe.
Things that are here:
2 boomerangs; a +0 leather armour You completely miss the orc priest.
Your grab misses the orc priest.
The orc priest hits you with a +0 hand axe.
You closely miss the orc priest. Your grab misses the orc priest.
The orc priest misses you.
You barely miss the orc priest. You grab the orc priest.
You constrict the orc priest.
The orc priest hits you with a +0 hand axe.
* * * LOW HITPOINT WARNING * * *
You hit the orc priest.
The orc priest is heavily wounded.
You constrict the orc priest.
The orc priest invokes the aid of Beogh against you.
Beogh smites you!
You die...

#...................#
#.#################.#######
#.# #<....... #.# #########
#.# #.# ## # #.# #. .## #†#
#.#######J..#.# #.#
#.....)@oo....#
###.######..######...###
#...............# .##
..#.........##..# #
###.###.#.#.##..#
#.###.#.#.##..#
#.....#....#..#
#..#######.#..#
###.....#....#..#


You could see an orc priest, an ooze and an orc.

Vanquished Creatures
  A hound (D:3)
  An adder (D:2)
  2 leopard geckos (D:1)
  2 orcs (D:3)
  4 goblins
  5 hobgoblins
  2 jackals (D:3)
  A quokka (D:2)
  A ball python (D:1)
  A ball python skeleton (D:3)
  8 bats
  4 kobolds
  9 rats
41 creatures vanquished.

Notes
Turn   | Place    | Note
-------+----------+-------------------------------------------
     0 | D:1      | MisterFreud the Octopode Gladiator began the quest for the
                  | Orb.
     0 | D:1      | Reached XP level 1. HP: 14/14 MP: 1/1
   209 | D:1      | Reached XP level 2. HP: 16/19 MP: 2/2
   401 | D:1      | You fall into a shaft and drop 1 floor!
   612 | D:1      | Reached skill level 4 in Long Blades
   642 | D:1      | Reached XP level 3. HP: 20/24 MP: 3/3
   937 | D:2      | Found an ornate altar of the Wu Jian Council.
  1050 | D:2      | Found a faded altar of an unknown god.
  1160 | D:2      | Found a basalt altar of Yredelemnul.
  1284 | D:2      | Found an opulent altar of Gozag.
  1444 | D:3      | Reached skill level 5 in Long Blades
  1444 | D:3      | Reached XP level 4. HP: 24/29 MP: 4/4
  1452 | D:3      | Killed from afar by an orc priest

Levels and vault maps discovered:
D:1:      onia_arrival_pentagram, layout_rooms, serial_rivers,
          chequers_serial_rivers_small_a, chequers_serial_rivers_micro_e,
          chequers_serial_rivers_room_b, chequers_serial_rivers_small_3,
          chequers_serial_rivers_marsh, chequers_serial_rivers_room_b
D:2:      kennysheep_six_static_rooms, layout_rooms, lemuel_round_altar,
          marbit_many_paths, lemuel_doored_altar,
          chequers_ecumenical_altar_simple, moated_statue,
          minmay_misc_feat_rugged
D:3:      layout_loops_ring, hex_large

Skill      XL: |  1  2  3 |
---------------+----------+-----
Long Blades    | 4 5 |  5.1
Fighting       | |  2.0
Throwing       | |  2.0
Dodging        | |  3.0

Action                   |  1- 3 |  4- 6 || total
-------------------------+-------+-------++-------
Melee: Long sword        |    68 |     6 ||    74
       Constrict         |    18 |     2 ||    20
       Tentacles         |     9 |     1 ||    10
  Use: Scroll            |     4 |       ||     4
 Stab: Sleeping          |    10 |       ||    10
  Eat: Chunk             |     2 |       ||     2
Armor: Skin              |    10 |       ||    10
Dodge: Dodged            |    42 |     3 ||    45
       Rpst.: Long sword |    12 |     1 ||    13

Table legend:
 A = Non-vault XP
 B = Vault XP
 C = Vault XP percentage of total XP
 D = Non-vault monster count
 E = Vault monster count
 F = Vault count percentage of total count
                 A         B        C        D         E       F
            +---------+---------+-------+---------+---------+-------
      Total |     107 |      12 |  10.1 |      34 |       7 |  17.1
            +---------+---------+-------+---------+---------+-------
        D:1 |      29 |       0 |   0.0 |      18 |       0 |   0.0
        D:2 |      24 |      12 |  33.3 |       9 |       7 |  43.8
        D:3 |      54 |       0 |   0.0 |       7 |       0 |   0.0
            +---------+---------+-------+---------+---------+-------
